 Dungeon Crawl Stone Soup version 0.18-a0-1560-ge216ca8 (webtiles) character file.

796 Ijustatesigmund the Insei (level 7, -1/48 HPs)
             Began as an Octopode Transmuter on Mar 12, 2016.
             Was a Follower of Cheibriados.
             Slain by Duvessa
             ... wielding a +0 short sword
              (9 damage)
             ... on level 5 of the Dungeon.
             The game lasted 00:13:25 (5414 turns).

Ijustatesigmund the Insei (Octopode Transmuter)     Turns: 5414, Time: 00:13:25

Health: -1/48      AC:  1    Str: 11    XL:     7   Next: 89%
Magic:  8/10       EV: 13    Int: 19    God:    Cheibriados [*.....]
Gold:   149        SH:  0    Dex: 15    Spells: 3 memorised, 4 levels left

rFire  . . .     SeeInvis .       - Unarmed
rCold  . . .     Gourm    .     (no shield)
rNeg   . . .     Faith    .     (helmet restricted)
rPois  .         Spirit   .     (no amulet)
rElec  .         Dismiss  .     (no ring)
rCorr  .         Reflect  .     (no ring)
SustAt .         Harm     .     (no ring)
MR     .....                    (no ring)
Stlth  ++........               (no ring)
                                (no ring)
                                (no ring)
                                (no ring)

@: confused, very slow, not resistant to hostile enchantments, unstealthy
A: almost no armour, amphibious, 8 rings, constrict 8, camouflage 1, gelatinous
body 1
a: Bend Time, Renounce Religion


You were on level 5 of the Dungeon.
You worshipped Cheibriados.
Cheibriados was aware of your devotion.
You were hungry.

You visited 1 branch of the dungeon, and saw 5 of its levels.

You collected 149 gold pieces.

Inventory:

Missiles
 a - 94 arrows
 l - 8 tomahawks (quivered)
Wands
 n - a wand of lightning (0/15)
Scrolls
 k - 2 scrolls of teleportation
 o - a scroll of enchant weapon
 s - 2 scrolls of recharging
Potions
 e - a potion of invisibility
 g - a potion of mutation
 h - 3 potions of agility
 j - a potion of cure mutation
 m - a potion of ambrosia
 p - a potion of curing {unknown}
 r - a potion of degeneration {unknown}
Books
 b - a book of Changes

   Spells                             Type                      Level
   a - Beastly Appendage              Transmutation                1
   b - Sticks to Snakes               Transmutation                2
   c - Spider Form                    Transmutation/Poison         3
   d - Ice Form                       Ice/Transmutation            4
   e - Blade Hands                    Transmutation                5
Comestibles
 c - 6 bread rations
 d - 2 meat rations
 f - 3 fruits


   Skills:
 - Level 4.1 Fighting
 + Level 3.4 Dodging
 + Level 2.7 Stealth
 - Level 5.0 Unarmed Combat
 - Level 2.0 Spellcasting
 - Level 3.7 Transmutations
 - Level 2.1 Poison Magic
 + Level 3.2 Invocations


You had 4 spell levels left.
You knew the following spells:

 Your Spells              Type           Power        Failure   Level  Hunger
a - Beastly Appendage     Trmt           ###...       4%          1    #......
b - Sticks to Snakes      Trmt           ###.....     8%          2    ###....
c - Spider Form           Trmt/Pois      ##........   17%         3    ###....


Dungeon Overview and Level Annotations

Branches:
Dungeon (5/15)
 Temple: D:4-7

Altars:
Cheibriados
Dithmenos
Fedhas
Nemelex Xobeh
Zin
The Shining One

Shops:
D:4 [

Annotations:
D:5 Duvessa


Innate Abilities, Weirdness & Mutations

You cannot wear most types of armour.
You are amphibious.
You can wear up to eight rings at the same time.
You can use your tentacles to constrict eight enemies at once.
Your skin changes colour to match your surroundings (Stealth).
Your rubbery body absorbs attacks (AC +1).


Message History

You constrict Duvessa. Duvessa barely misses you.
Drink which item? (? for menu, Esc to quit)
It was a potion of cure mutation.
It has a very clean taste.
You constrict Duvessa. Duvessa hits you with a short sword.
Duvessa hits you with a short sword!!
You release your grip on Duvessa.
Duvessa closely misses you. Duvessa hits you with a short sword!
* * * LOW HITPOINT WARNING * * *
Found a blossoming altar of Fedhas.
Duvessa hits you with a short sword.
* * * LOW HITPOINT WARNING * * *
Drink which item? (? for menu, Esc to quit)
Okay, then.
You're too confused!
Unknown command.
Drink which item? (? for menu, Esc to quit)
It was a potion of ambrosia.
You are more confused.
You feel invigorated. Duvessa hits you with a short sword!
You die...

.. ######.## #....#..#
#....##.##
####....##..##########
........?.)..)..).....
###....###))####.####
#....e...##.## #.#
#...@....##.)###.###
.≈.≈........###.......#
≈≈≈.........# #e......#
≈_.≈........# #.......#
≈.≈≈........# #.......#
.≈≈.........# #.......#
.....######## #.......#
##### #<# #.......##
#.####.##.#...


You could see Duvessa (berserk).

Vanquished Creatures
  Grinder (D:5)
  Dowan (D:5)
  A hound (D:5)
  2 orc priests
  Terence (D:3)
  3 worker ants
  4 orc wizards
  6 gnolls
  7 adders
  4 worms
  3 dart slugs
  3 giant geckos
  9 orcs
  A ball python (D:4)
  3 bats
  4 giant cockroaches
  6 hobgoblins
  12 jackals
  5 kobolds
  A giant cockroach zombie (D:5)
  3 giant newts
  5 goblins
  9 rats
94 creatures vanquished.

Vanquished Creatures (collateral kills)
  An orc wizard (D:5)
1 creature vanquished.

Grand Total: 95 creatures vanquished

Notes
Turn   | Place    | Note
--------------------------------------------------------------
     0 | D:1      | Ijustatesigmund the Octopode Transmuter began the quest for the Orb.
     0 | D:1      | Reached XP level 1. HP: 13/13 MP: 3/3
   335 | D:1      | Reached XP level 2. HP: 18/18 MP: 5/5
   339 | D:1      | Learned a level 2 spell: Sticks to Snakes
   951 | D:2      | Reached XP level 3. HP: 18/24 MP: 4/6
   956 | D:2      | Learned a level 3 spell: Spider Form
  1573 | D:2      | Reached skill level 1 in Poison Magic
  1653 | D:2      | Reached XP level 4. HP: 27/29 MP: 3/7
  1722 | D:2      | Found a shadowy altar of Dithmenos.
  2679 | D:3      | Found a faded altar to an unknown god.
  2683 | D:3      | Noticed Terence
  2702 | D:3      | Killed Terence
  2757 | D:3      | Reached skill level 4 in Unarmed Combat
  2757 | D:3      | Reached XP level 5. HP: 29/35 MP: 4/8
  3555 | D:4      | Found Oboirph's Armour Shoppe.
  3781 | D:4      | Reached XP level 6. HP: 36/42 MP: 5/9
  3924 | D:4      | Found a glowing golden altar of the Shining One.
  4474 | D:4      | Found a snail-covered altar of Cheibriados.
  4496 | D:4      | Became a worshipper of Cheibriados the Contemplative
  4669 | D:4      | Found a glowing silver altar of Zin.
  4811 | D:5      | Entered Level 5 of the Dungeon
  4931 | D:5      | Found a sparkling altar of Nemelex Xobeh.
  4946 | D:5      | Reached skill level 1 in Invocations
  5064 | D:5      | Noticed Grinder
  5080 | D:5      | Paralysed by Grinder for 7 turns
  5084 | D:5      | Killed Grinder
  5084 | D:5      | Reached skill level 5 in Unarmed Combat
  5084 | D:5      | Reached XP level 7. HP: 16/48 MP: 8/10
  5115 | D:5      | Reached skill level 1 in Stealth
  5217 | D:5      | Reached * piety under Cheibriados
  5382 | D:5      | Noticed Dowan
  5395 | D:5      | Killed Dowan
  5397 | D:5      | Noticed Duvessa
  5412 | D:5      | Found a blossoming altar of Fedhas.
  5414 | D:5      | Slain by Duvessa

Vault maps used:
D:1:      dpeg_arrival_boxes_within_box
D:2:      lemuel_crystal_altar
D:3:      ecumenical_altar_2, uniq_terence
D:4:      overflow_temple_1_default, nicolae_overflow_crystal_walls,
          kennysheep_little_box, serial_shops, nicolae_shop_stone, first_bread
D:5:      nemelex_xobeh_ov_fountains_minmay, fedhas_altar_2, lemuel_round_altar,
          trog_three_pillars_becter, uniq_duvessa, uniq_grinder

Skill      XL: |  1  2  3  4  5  6  7 |
---------------+----------------------+-----
Poison Magic   | 1 2 |  2.1
Fighting       | 2 3 4 |  4.1
Unarmed Combat | 4 5 |  5.0
Transmutations | 3 |  3.7
Invocations    | 2 3 |  3.2
Stealth        | 2 |  2.7
Dodging        | 3 |  3.4
Spellcasting   | |  2.0

Action                   |  1- 3 |  4- 6 |  7- 9 || total
-------------------------+-------+-------+-------++-------
Melee: Unarmed           |    62 |   173 |    40 ||   275
 Cast: Beastly Appendage |     3 |     8 |     3 ||    14
       Spider Form       |     2 |     7 |     2 ||    11
       Sticks to Snakes  |       |       |     8 ||     8
Evoke: Wand              |       |     1 |     5 ||     6
  Use: Scroll            |     4 |     6 |       ||    10
       Potion            |       |       |     3 ||     3
 Stab: Sleeping          |     9 |     9 |       ||    18
  Eat: Chunk             |     2 |     9 |       ||    11
       Beef jerky        |       |     2 |       ||     2
       Pizza             |       |     1 |       ||     1
